 Dungeon Crawl Stone Soup version 0.29.1-1-gd02db6906a (webtiles) character file.

Game seed: 7146364604145893006

1631 lonewolfV2 the Insei (level 8, -15/73 HPs)
             Began as a Gnoll Transmuter on Oct 15, 2022.
             Was a Follower of Vehumet.
             Demolished by a two-headed ogre
             ... wielding a +0 giant spiked club
              (16 damage)
             ... on level 6 of the Dungeon.
             The game lasted 00:16:13 (9804 turns).

lonewolfV2 the Insei (Gnoll Transmuter)             Turns: 9804, Time: 00:16:14

Health: -15/73     AC: 11    Str:  9    XL:     8   Next: 98%
Magic:  9/17       EV: 12    Int: 16    God:    Vehumet [*.....]
Gold:   227        SH:  0    Dex: 12    Spells: 11/19 levels left

rFire   x . .      SeeInvis .     - Unarmed
rCold   + + +      Faith    .   (shield currently unavailable)
rNeg    . . .      Spirit   .   (body armour currently unavailable)
rPois   +          Reflect  .   (helmet currently unavailable)
rElec   .          Harm     .   (cloak currently unavailable)
rCorr   .          Rampage  .   (gloves currently unavailable)
Will    .....                   (boots currently unavailable)
Stlth   ++........              (no amulet)
HPRegen 0.22/turn               h - +4 ring of protection
MPRegen 0.15/turn               (no ring)

@: ice-form, very slightly contaminated
A: freezing attack, amphibious, boosted hp, large, (fangs 1), strong nose,
distributed training
a: End Transformation, Renounce Religion


You were on level 6 of the Dungeon.
You worshipped Vehumet.
Vehumet was aware of your devotion.
You were a creature of crystalline ice.
You visited 2 branches of the dungeon, and saw 7 of its levels.

You collected 227 gold pieces.

Inventory:

Hand Weapons
 e - a +1 spear of flaming (melded)
Armour
 a - a +1 robe (melded)
Jewellery
 h - a +4 ring of protection (left front paw)
Wands
 d - a wand of polymorph (10)
Scrolls
 i - a scroll of vulnerability {unknown}
 j - a scroll of fear
 k - a scroll of magic mapping
 l - a scroll of blinking
 m - a scroll of enchant armour
Potions
 b - 2 potions of lignification
 c - 2 potions of cancellation
 n - 2 potions of mutation
 o - a potion of resistance


   Skills:
 + Level 4.7 Fighting
 + Level 3.9 Short Blades
 + Level 3.9 Long Blades
 + Level 3.9 Axes
 + Level 3.9 Maces & Flails
 + Level 3.9 Polearms
 + Level 3.9 Staves
 + Level 3.9 Ranged Weapons
 + Level 3.9 Throwing
 + Level 3.9 Armour
 + Level 6.1 Dodging
 + Level 3.9 Stealth
 + Level 3.9 Shields
 + Level 7.7 Unarmed Combat
 + Level 6.4 Spellcasting
 + Level 3.2 Conjurations
 + Level 3.2 Hexes
 + Level 3.2 Summonings
 + Level 3.2 Necromancy
 + Level 3.2 Translocations
 + Level 5.0 Transmutations
 + Level 3.2 Fire Magic
 + Level 3.2 Ice Magic
 + Level 3.2 Air Magic
 + Level 3.2 Earth Magic
 + Level 3.2 Poison Magic
 + Level 4.2 Invocations
 + Level 3.9 Evocations


You had 11 spell levels left.
You knew the following spells:

 Your Spells              Type           Power      Damage    Failure   Level
a - Beastly Appendage     Tmut           42%        N/A       1%          1
b - Spider Form           Tmut/Pois      18%        N/A       8%          3
c - Ice Form              Ice/Tmut       18%        N/A       24%         4

Your spell library contained the following spells:

 Spells                   Type           Power      Damage    Failure   Level
 Sandblast                Erth           30%        2d9       3%          1
 Wereblood                Tmut           21%        N/A       2%          2


Dungeon Overview and Level Annotations

Branches:
Dungeon (6/15)             Temple (1/1) D:4

Altars:
Dithmenos
Elyvilon
Gozag
Hepliaklqana
Kikubaaqudgha
Makhleb
Nemelex Xobeh
Okawaru
Qazlal
Ru
Trog
Uskayaw
Vehumet
Wu Jian
Xom
Yredelemnul
Zin
The Shining One

Shops:
D:5 ?   D:6 [


Innate Abilities, Weirdness & Mutations

You are a creature of crystalline ice.
You have a powerful freezing melee attack.
You are amphibious.
Your maximum health is increased.
Your armour is entirely melded.
You are incapable of wielding weapons or throwing items.
((You have very sharp teeth.))
Your uncanny sense of smell can sniff out nearby items.
Your experience applies equally to all skills.


Message History

The two-headed ogre hits you with a +0 giant spiked club!
The gnoll hits you with a +0 whip. The gnoll closely misses you.
There is a stone staircase leading up, spattered with blood here.
As you read the scroll of butterflies, it crumbles to dust.
You hear the tinkle of a tiny bell.
The two-headed ogre closely misses you.
The two-headed ogre completely misses you.
The gnoll hits you with a +0 whip. The gnoll barely misses your butterfly.
The gnoll hits you but does no damage.
Casting: Ice Form (quite dangerous; 24% risk of failure)
Confirm with . or Enter, or press ? or * to list all spells.
The spell is quite dangerous to miscast (24% risk of failure)!
Continue anyway?
You miscast Ice Form.
You are very lightly contaminated with residual magic.
Nothing appears to happen.
The gnoll hits you with a +0 whip. The gnoll misses you.
Casting: Ice Form (quite dangerous; 24% risk of failure)
Confirm with . or Enter, or press ? or * to list all spells.
The spell is quite dangerous to miscast (24% risk of failure)!
Continue anyway?
You turn into a creature of crystalline ice.
Your +1 spear of flaming melds into your body.
Your +1 robe melds into your body.
Your +1 spear of flaming stops flaming.
The two-headed ogre barely misses you. The two-headed ogre closely misses you.
The gnoll hits you with a +0 whip. The gnoll hits you but does no damage.
The gnoll closely misses you.
You punch the two-headed ogre! You freeze the two-headed ogre.
The two-headed ogre is moderately wounded.
You punch the two-headed ogre! You freeze the two-headed ogre.
The two-headed ogre is heavily wounded.
The gnoll closely misses you. The gnoll hits you but does no damage.
The gnoll completely misses you.
The two-headed ogre hits you with a +0 giant spiked club!!
* * * LOW HITPOINT WARNING * * *
The two-headed ogre hits you with a +0 giant spiked club!
* * * LOW HITPOINT WARNING * * *
The gnoll hits you but does no damage. The gnoll closely misses you.
The gnoll hits you with a +0 whip.
* * * LOW HITPOINT WARNING * * *
The two-headed ogre barely misses you.
The two-headed ogre hits you with a +0 giant spiked club!
You die...

#.# ###########
#.####.......#.#
#...§.)........#
#..###O........# #..#
##...#...b# ########..#
#.#.#....#
..........####.#gb.b..#+
########..##....b#......
# #####....##.#Ygb.b/..
# #...(∩...##.#Og#.....
####.....##### #.bbb....
.....##..# ∆ ...!....>
#######..# .....b... #
#### ######.... ########
###+# .......# #.#
######.# #.#


You could see a two-headed ogre (ally target) and 3 gnolls.

Vanquished Creatures
  Pikel (D:6)
  A water moccasin (D:6)
  An ogre (D:5)
  A centaur (D:6)
  A phantom (D:6)
  2 scorpions (D:5)
  2 necrophages
  A gnoll sergeant (D:5)
  A howler monkey (D:4)
  3 hounds
  A jelly (D:6)
  An orc priest (D:4)
  3 iguanas
  2 orc wizards
  Ijyb (D:5)
  6 adders
  4 gnolls
  A worm (D:4)
  4 dart slugs
  16 orcs
  6 bats
  5 endoplasms
  A giant cockroach (D:4)
  8 goblins
  8 hobgoblins
  6 jackals
  11 kobolds
  5 quokkas
  6 ball pythons
  5 frilled lizards
  2 rats
116 creatures vanquished.

Notes
Turn   | Place    | Note
-------+----------+-------------------------------------------
     0 | D:1      | lonewolfV2 the Gnoll Transmuter began the quest for the
                  | Orb.
     0 | D:1      | Reached XP level 1. HP: 17/17 MP: 6/6
   269 | D:1      | Reached XP level 2. HP: 23/23 MP: 5/7
  1462 | D:2      | Reached skill level 5 in Spellcasting
  1462 | D:2      | Reached XP level 3. HP: 25/28 MP: 6/9
  1469 | D:2      | Learned a level 3 spell: Spider Form
  1534 | D:2      | Reached skill level 1 in Invocations
  1793 | D:2      | Found a sacrificial altar of Ru.
  1887 | D:2      | Reached skill level 1 in Short Blades
  1887 | D:2      | Reached skill level 1 in Long Blades
  1887 | D:2      | Reached skill level 1 in Axes
  1887 | D:2      | Reached skill level 1 in Maces & Flails
  1887 | D:2      | Reached skill level 1 in Polearms
  1887 | D:2      | Reached skill level 1 in Staves
  1887 | D:2      | Reached skill level 1 in Ranged Weapons
  1887 | D:2      | Reached skill level 1 in Throwing
  1887 | D:2      | Reached skill level 1 in Armour
  1887 | D:2      | Reached skill level 1 in Stealth
  1887 | D:2      | Reached skill level 1 in Shields
  1887 | D:2      | Reached skill level 1 in Evocations
  2148 | D:2      | Reached XP level 4. HP: 32/34 MP: 6/11
  2393 | D:2      | Reached skill level 1 in Conjurations
  2393 | D:2      | Reached skill level 1 in Hexes
  2393 | D:2      | Reached skill level 1 in Summonings
  2393 | D:2      | Reached skill level 1 in Necromancy
  2393 | D:2      | Reached skill level 1 in Translocations
  2393 | D:2      | Reached skill level 1 in Fire Magic
  2393 | D:2      | Reached skill level 1 in Ice Magic
  2393 | D:2      | Reached skill level 1 in Air Magic
  2393 | D:2      | Reached skill level 1 in Earth Magic
  2393 | D:2      | Reached skill level 1 in Poison Magic
  3228 | D:3      | Noticed a necrophage
  3240 | D:3      | Killed a necrophage
  3241 | D:3      | Reached XP level 5. HP: 41/41 MP: 9/12
  3407 | D:3      | Found a sacrificial altar of Ru.
  3464 | D:3      | Found a shadowy altar of Dithmenos.
  3506 | D:3      | Found a shimmering altar of Xom.
  4230 | D:3      | Found a faded altar of an unknown god.
  4230 | D:3      | Noticed a soul eater
  4539 | D:4      | Reached XP level 6. HP: 27/47 MP: 9/13
  5046 | D:4      | Reached skill level 5 in Dodging
  5294 | D:4      | Found a staircase to the Ecumenical Temple.
  5317 | Temple   | Entered the Ecumenical Temple
  5397 | Temple   | Became a worshipper of Vehumet
  6056 | D:5      | Entered Level 5 of the Dungeon
  6078 | D:5      | Reached skill level 7 in Unarmed Combat
  6078 | D:5      | Reached XP level 7. HP: 25/52 MP: 15/15
  6972 | D:5      | Found Vihuyzibo's Magic Scroll Emporium.
  7138 | D:5      | Noticed Ijyb
  7152 | D:5      | Killed Ijyb
  7175 | D:5      | HP: 2/53 [gnoll sergeant/+0 spear (8)]
  7183 | D:5      | HP: 1/53 [gnoll sergeant/+0 spear (8)]
  7775 | D:5      | Found Luejul's Lightly-Used Armoury.
  8104 | D:6      | Learned a level 4 spell: Ice Form
  8351 | D:6      | Reached XP level 8. HP: 54/60 MP: 9/16
  8356 | D:6      | Noticed Pikel
  8374 | D:6      | Killed Pikel
  8630 | D:6      | Reached * piety under Vehumet
  8630 | D:6      | Offered knowledge of Sandblast by Vehumet.
  8716 | D:6      | Reached skill level 5 in Transmutations
  9435 | D:6      | Found Xonefu's Armour Shop.
  9466 | D:6      | Noticed a two-headed ogre
  9804 | D:6      | HP: 1/73 [gnoll/+0 whip (3)]
  9804 | D:6      | Demolished by a two-headed ogre

Illustrated notes

Levels and vault maps discovered:
D:1:      saegor_arrival_simple_e, layout_basic
D:2:      minmay_inner_zag, layout_rooms, basic_altar, feat_on_display
D:3:      layout_basic, hangedman_ru_absence, mainiacjoe_overflow_swirl,
          dreamdust_ecumenical_altar_sealed_demon
D:4:      layout_basic, minmay_temple_entry_hall
D:5:      nicolae_cairo_tiling, layout_rooms, serial_shops,
          nicolae_shop_hallway_plus, minmay_shop_damaged, uniq_ijyb
D:6:      layout_basic, serial_shops, nicolae_square_shop, minmay_door_square,
          uniq_pikel
Temple:   nicolae_temple_bog_church

Skill      XL: |  1  2  3  4  5  6  7  8 |
---------------+-------------------------+-----
Spellcasting   | 5 6 |  6.4
Invocations    | 1 2 3 4 |  4.2
Short Blades   | 1 2 3 |  3.9
Long Blades    | 1 2 3 |  3.9
Axes           | 1 2 3 |  3.9
Maces & Flails | 1 2 3 |  3.9
Polearms       | 1 2 3 |  3.9
Staves         | 1 2 3 |  3.9
Ranged Weapons | 1 2 3 |  3.9
Throwing       | 1 2 3 |  3.9
Armour         | 1 2 3 |  3.9
Stealth        | 1 2 3 |  3.9
Shields        | 1 2 3 |  3.9
Evocations     | 1 2 3 |  3.9
Conjurations   | 1 2 3 |  3.2
Hexes          | 1 2 3 |  3.2
Summonings     | 1 2 3 |  3.2
Necromancy     | 1 2 3 |  3.2
Translocations | 1 2 3 |  3.2
Fire Magic     | 1 2 3 |  3.2
Ice Magic      | 1 2 3 |  3.2
Air Magic      | 1 2 3 |  3.2
Earth Magic    | 1 2 3 |  3.2
Poison Magic   | 1 2 3 |  3.2
Fighting       | 3 4 |  4.7
Transmutations | 4 5 |  5.0
Dodging        | 5 6 |  6.1
Unarmed Combat | 7 |  7.7

Action                   |  1- 3 |  4- 6 |  7- 9 || total
-------------------------+-------+-------+-------++-------
Melee: Unarmed           |    74 |    15 |   106 ||   195
       Kick              |     9 |    14 |    10 ||    33
       Headbutt          |     4 |    14 |     6 ||    24
       Bite              |     3 |    24 |     2 ||    29
       Spear             |    10 |   237 |    48 ||   295
       Punch             |       |     5 |     4 ||     9
 Cast: Beastly Appendage |    12 |    13 |     4 ||    29
       Spider Form       |     3 |     4 |     6 ||    13
       Ice Form          |       |       |     6 ||     6
  Use: Scroll            |     4 |     5 |     8 ||    17
       Potion            |       |     2 |     5 ||     7
 Stab: Sleeping          |       |     5 |     1 ||     6
Armor: Robe              |    33 |    74 |    12 ||   119
       Skin              |       |     2 |    19 ||    21
Dodge: Dodged            |    98 |   152 |   136 ||   386
